[Event "*** SCC Grand Prix: Titled Tuesday Blitz"]
[Site "Chess.com"]
[Date "2020.10.13"]
[Round "6"]
[White "IngOscarArdila"]
[Black "Chesswizard_2007"]
[Result "0-1"]
[WhiteElo "2164"]
[BlackElo "2571"]
[TimeControl "180+1"]
[EndTime "11:06:40 PDT"]
[Termination "Chesswizard_2007 won on time"]

1. d4 a5 2. c4 b6 3. Nc3 Ba6 4. e3 g6 5. Bd3 Bg7 6. Nge2 d6 7. O-O Nd7 8. b3 e5 9. Bb2 Ne7 10. Qc2 Nc6 11. Be4 Bb7 12. dxe5 Ndxe5 13. a3 O-O 14. Rad1 Qc8 15. Nd5 Re8 16. h3 Ne7 17. Nxe7+ Rxe7 18. Bxb7 Qxb7 19. Nd4 Rae8 20. b4 axb4 21. axb4 Nc6 22. Nxc6 Qxc6 23. Bxg7 Kxg7 24. b5 Qe4 25. Qc3+ Qe5 26.
Rd4 Kg8 27. Ra1 h5 28. Qd2 Qc5 29. Qd3 Re5 30. Ra7 R8e7 31. g4 Kg7 32. gxh5 Rxh5 33.
Rd5 Rxd5 34. Qxd5 Re5 35. Qd4 Kh7 36. f4 Rxe3 37. Qxc5 dxc5 38. Rxc7 Kg7 39. Rc6 Rxh3 40. Rxb6 Rc3 41. Rc6 Rxc4 42. b6 Rxf4 43. Rxc5 Rb4 44. Rc6 Rb2 45. Kf1 g5 46. Kg1 f6 47. Rc7+ Kg6 48.
b7 Kh5 49. Kh1 f5 50. Kg1 f4 51. Kf1 Kg4 52. Ke1 f3 53. Rf7 Kg3 54. Kd1 g4 55. Kc1 Rb6 56. Kd2 f2 57. Ke2 Rb2+ 58. Kd3 Rxb7 0-1

[Event "*** SCC Grand Prix: Titled Tuesday Blitz"]
[Site "Chess.com"]
[Date "2020.10.13"]
[Round "6"]
[White "Brave_spirit12"]
[Black "keepitcool9499"]
[Result "0-1"]
[WhiteElo "2482"]
[BlackElo "2633"]
[TimeControl "180+1"]
[EndTime "11:06:41 PDT"]
[Termination "keepitcool9499 won by checkmate"]

1. e4 e6 2. d4 d5 3. exd5 exd5 4. Nc3 Nf6 5. Bd3 Bd6 6. Nge2 O-O 7. Bg5 c6 8. Qd2 Bg4 9. f3 Bh5 10. O-O-O Nbd7 11. g4 Bg6 12. h4 Bxd3 13. Qxd3 Re8 14.
h5 h6 15. Bh4 b5 16. g5 hxg5 17. Bxg5 b4 18. Nb1 c5 19. Nf4 Qc7 20. Qf5 cxd4 21.
Rdg1 Rac8 22. Rg2 Re5 23. Qxf6 Nxf6 24. Bxf6 Re3 25. Bxg7 Bxf4 26. Be5+ Kf8 27. Bxc7 Re1# 0-1

[Event "*** SCC Grand Prix: Titled Tuesday Blitz"]
[Site "Chess.com"]
[Date "2020.10.13"]
[Round "6"]
[White "ajdemipopushi"]
[Black "Margarita2907"]
[Result "1-0"]
[WhiteElo "2342"]
[BlackElo "2170"]
[TimeControl "180+1"]
[EndTime "11:06:41 PDT"]
[Termination "ajdemipopushi won by resignation"]

1. Nf3 Nf6 2. g3 c5 3. Bg2 Nc6 4. O-O e5 5. c4 d5 6. cxd5 Nxd5 7. Nc3 Nc7 8. a3 Be7 9. b4 cxb4 10.
axb4 Bxb4 11. Nxe5 Nxe5 12. Qa4+ Nc6 13. Bxc6+ bxc6 14. Qxb4 Be6 15. Ba3 Nb5 16. Nxb5 cxb5 17. Qxb5+ Qd7 18.
Qb4 f6 19. Rfc1 Kf7 20. Qf4 Rhc8 21. d3 Rxc1+ 22. Rxc1 Rc8 23. h4 Rxc1+ 24. Qxc1 Bd5 25. Qc5 Qb7 26. h5 Qb1+ 27. Bc1 Bb7 28. f3 Qb6 29. Be3 Qxc5 30. Bxc5 a5 31. Kf2 Bc6 32. e4 g6 33. hxg6+ hxg6 34. Ke3 f5 35. d4 fxe4 36.
fxe4 Bb5 37. d5 a4 38. Kd4 g5 39. e5 g4 40. Ke4 Kg6 41. e6 Be2 42. Ke5 Bb5 43. d6 Kg7 44. d7 1-0

[Event "*** SCC Grand Prix: Titled Tuesday Blitz"]
[Site "Chess.com"]
[Date "2020.10.13"]
[Round "6"]
[White "Aguiar94"]
[Black "chigorin28"]
[Result "0-1"]
[WhiteElo "2577"]
[BlackElo "2435"]
[TimeControl "180+1"]
[EndTime "11:06:42 PDT"]
[Termination "chigorin28 won by resignation"]

1. e4 c5 2. Nf3 Nc6 3. Nc3 d6 4. d4 cxd4 5. Nxd4 Bd7 6. Bg5 h6 7. Bh4 Nxd4 8. Qxd4 e5 9. Qb4 Qxh4 10. Qxb7 Qd8 11.
Nb5 Rc8 12. O-O-O Bc6 13. Qxa7 Nf6 14. Qa6 Bxe4 15. c3 Rc6 16. Qa4 Qd7 17. f3 Bg6 18. Nxd6+ Bxd6 19. Bb5 O-O 20. Bxc6 Qf5 21. Be4 Nxe4 22.
fxe4 Qg5+ 23. Kb1 Be7 24. g3 Qe3 25. Rhe1 Qb6 26. Ka1 Rb8 27. Rd2 Bg5 28. Rc2 Bh5 29. c4 Qd4 30. c5 Qxa4 0-1

[Event "*** SCC Grand Prix: Titled Tuesday Blitz"]
[Site "Chess.com"]
[Date "2020.10.13"]
[Round "6"]
[White "novocane"]
[Black "zverr1"]
[Result "1-0"]
[WhiteElo "2282"]
[BlackElo "2414"]
[TimeControl "180+1"]
[EndTime "11:06:42 PDT"]
[Termination "novocane won by checkmate"]

1. d4 Nf6 2. c4 g6 3. Nc3 Bg7 4. e4 O-O 5. f3 d6 6. Bg5 h6 7. Be3 e5 8. d5 c6 9. Qd2 Kh7 10. h4 Nh5 11. Nge2 f5 12. exf5 gxf5 13. g4 fxg4 14.
fxg4 Bxg4 15. O-O-O Nf4 16. Bxf4 exf4 17. Nxf4 Bxd1 18.
Nxd1 Be5 19. Ne6 Qf6 20. Nxf8+ Qxf8 21. Bd3+ Kh8 22. Rf1 Qg7 23. Ne3 Nd7 24. Nf5 Qf6 25. Nxh6 Bxb2+ 26. Qxb2 Qxb2+ 27. Kxb2 Ne5 28. Nf7+ Nxf7 29.
Rxf7 cxd5 30. cxd5 b6 31. h5 a5 32. a4 Kg8 33. Rd7 Rf8 34. Rxd6 Rf4 35. Bb5 Rh4 36. h6 Rh5 37. Rxb6 Rxd5 38. Bc4 Kh8 39. Bxd5 Kh7 40. Be4+ Kh8 41. Rb8# 1-0

[Event "*** SCC Grand Prix: Titled Tuesday Blitz"]
[Site "Chess.com"]
[Date "2020.10.13"]
[Round "6"]
[White "Sn00pPawn"]
[Black "katchesskat"]
[Result "0-1"]
[WhiteElo "1977"]
[BlackElo "2253"]
[TimeControl "180+1"]
[EndTime "11:06:44 PDT"]
[Termination "katchesskat won on time"]

1. e4 c6 2. d4 d5 3. Nc3 dxe4 4. Nxe4 Nd7 5. Bc4 Ngf6 6. Ng5 e6 7. Qe2 Nb6 8. Bb3 h6 9. N5f3 Bd6 10. Ne5 O-O 11. Ngf3 a5 12. c3 c5 13. O-O cxd4 14.
Nxd4 Nbd5 15. Rd1 Qb6 16. Nc4 Qa6 17. Qf1 Bc7 18. Ne3 Qd6 19. Nf3 a4 20. Bc2 Qe7 21. Nxd5 exd5 22. Be3 Bg4 23. Qe2 Rfe8 24. h3 Bh5 25. g4 Nxg4 26. hxg4 Bxg4 27. Rd4 Bh5 28. Bd1 Qf6 29. Rxd5 Re4 30. Rxh5 Qg6+ 31. Kf1 Qxh5 32. Bc2 Rg4 33. Qd3 g6 34. Ke2 Re8 0-1

[Event "*** SCC Grand Prix: Titled Tuesday Blitz"]
[Site "Chess.com"]
[Date "2020.10.13"]
[Round "6"]
[White "AungTZ"]
[Black "Nara_Kh"]
[Result "0-1"]
[WhiteElo "2148"]
[BlackElo "2371"]
[TimeControl "180+1"]
[EndTime "11:06:45 PDT"]
[Termination "Nara_Kh won on time"]

1. e4 c5 2. Nf3 d6 3. Bb5+ Nd7 4. O-O a6 5. Bxd7+ Bxd7 6. c3 Nf6 7. Re1 e6 8. d4 Be7 9. Nbd2 O-O 10. b3 Qc7 11. Bb2 b5 12. Rc1 Bc6 13. c4 b4 14.
d5 exd5 15. cxd5 Bb7 16. Nc4 Rfe8 17. Qd2 Rad8 18. Qf4 Qc8 19. h3 Nh5 20. Qd2 Bf6 21.
Rcd1 Bxb2 22. Nxb2 h6 23. Nc4 Qd7 0-1

[Event "*** SCC Grand Prix: Titled Tuesday Blitz"]
[Site "Chess.com"]
[Date "2020.10.13"]
[Round "6"]
[White "Klavdia_Nik"]
[Black "CookiesAndIceCream"]
[Result "0-1"]
[WhiteElo "2114"]
[BlackElo "2404"]
[TimeControl "180+1"]
[EndTime "11:06:45 PDT"]
[Termination "CookiesAndIceCream won on time"]

1. Nf3 d5 2. c4 d4 3. g3 Nc6 4. d3 e5 5. Bg2 Bb4+ 6. Nfd2 a5 7. O-O Nf6 8. b3 O-O 9. a3 Be7 10. Ne4 Nxe4 11. Bxe4 Bh3 12. Re1 Qd7 13. Nd2 Kh8 14. Bh1 f5 15. Bb2 Rae8 16. b4 axb4 17. Qa4 bxa3 18.
Bxa3 Bxa3 19. Qxa3 b6 20. Qa4 Nb8 21. Qxd7 Nxd7 22.
Ra7 Rc8 23. Bc6 Nc5 24. Rb1 Bg4 25. Kf1 Bh5 0-1

[Event "*** SCC Grand Prix: Titled Tuesday Blitz"]
[Site "Chess.com"]
[Date "2020.10.13"]
[Round "6"]
[White "Tooweak2slow03"]
[Black "chessplayer9919"]
[Result "1-0"]
[WhiteElo "2766"]
[BlackElo "2601"]
[TimeControl "180+1"]
[EndTime "11:06:46 PDT"]
[Termination "Tooweak2slow03 won on time"]

1. e4 e5 2. Nf3 Nc6 3. Bc4 Nf6 4. Ng5 d5 5. exd5 Na5 6. Bb5+ Bd7 7. Qe2 Be7 8. Nc3 O-O 9. Bxd7 Qxd7 10. h4 Nxd5 11. d3 Nxc3 12. bxc3 f6 13. Nf3 Nc6 14. h5 Bc5 15. h6 g6 16. Be3 Bd6 17. Nd2 f5 18. Nc4 Qe6 19. Bg5 Rae8 20. O-O-O b5 21. Nxd6 cxd6 22.
Kb1 Rc8 23. Rhe1 Qd5 24. f3 Qc5 25. Qd2 Qa3 26. d4 exd4 27. cxd4 Nb4 28. c3 Rxc3 29.
Qe2 Qxa2+ 30. Qxa2+ Nxa2 31. Kxa2 Rc2+ 32. Kb3 Rxg2 33.
Be7 Rc8 34. Bxd6 Rcc2 35. Re8+ Kf7 36. Rde1 g5 37. R1e6 a5 38. R8e7+ Kg8 39. Rg7+ 1-0

[Event "*** SCC Grand Prix: Titled Tuesday Blitz"]
[Site "Chess.com"]
[Date "2020.10.13"]
[Round "6"]
[White "ApacheSVD"]
[Black "paulrusan"]
[Result "1-0"]
[WhiteElo "2396"]
[BlackElo "2221"]
[TimeControl "180+1"]
[EndTime "11:06:47 PDT"]
[Termination "ApacheSVD won on time"]

1. e4 c5 2. Nf3 Nc6 3. d4 cxd4 4. Nxd4 e5 5. Nb5 d6 6. c4 Be7 7. N1c3 a6 8. Na3 f5 9. Bd3 f4 10. Nd5 Nf6 11. Nxf6+ Bxf6 12. Nb1 O-O 13. Nc3 Nd4 14. Ne2 f3 15. Nxd4 fxg2 16. Rg1 exd4 17. Rxg2 Be6 18. Qh5 Be5 19. Bg5 Qe8 20. Qh4 Kh8 21. f4 Bf6 22. e5 Bg8 23. Bxf6 Rxf6 24. Rxg7 Rf7 25. Bg6 Rxg7 26. Bxe8 Rxe8 27. O-O-O dxe5 28. Qf6 Re6 29. Qf5 Rc7 30. Rg1 Rxc4+ 31. Kd2 e4 32. Rxg8+ Kxg8 33. Qxe6+ Kg7 34. Qxc4 e3+ 35. Ke2 Kg6 36. Qxd4 Kf5 37. Qxe3 1-0

[Event "*** SCC Grand Prix: Titled Tuesday Blitz"]
[Site "Chess.com"]
[Date "2020.10.13"]
[Round "6"]
[White "Lion-Al-Messi"]
[Black "BeanScreen"]
[Result "1-0"]
[WhiteElo "2554"]
[BlackElo "2709"]
[TimeControl "180+1"]
[EndTime "11:06:49 PDT"]
[Termination "Lion-Al-Messi won by checkmate"]

1. e4 e5 2. Nf3 Nc6 3. Bb5 a6 4. Ba4 d6 5. O-O Nf6 6. c3 Be7 7. d4 b5 8. Bb3 Bg4 9. Be3 O-O 10.
Nbd2 Re8 11. h3 Bh5 12. Re1 Bf8 13. d5 Nb8 14. g4 Bg6 15. Bc2 c6 16. Bg5 cxd5 17.
exd5 Nbd7 18. Bxg6 hxg6 19. Ne4 Be7 20. Ng3 Nb6 21.
Bxf6 Bxf6 22. Qd2 Nc4 23. Qc2 Rc8 24. Rad1 Qb6 25. Ne4 Be7 26. b3 Na5 27. g5 Rc7 28. h4 Qb7 29. Rd3 Qc8 30. Nh2 Nb7 31. b4 a5 32. a3 Qd7 33. Qe2 Ra8 34. Rf3 axb4 35. axb4 Nd8 36. Rg3 Rca7 37. Ng4 Ra2 38. Qe3 Qf5 39.
Nef6+ Kh8 40. Rf3 Qc8 41. Nxe5 gxf6 42. Nxg6+ fxg6 43. Qxe7 Nb7 44. Qxf6+ Kh7 45. Re7+ Kg8 46. Qg7# 1-0

[Event "*** SCC Grand Prix: Titled Tuesday Blitz"]
[Site "Chess.com"]
[Date "2020.10.13"]
[Round "6"]
[White "onnoelgersma"]
[Black "ClydeHillKid"]
[Result "1-0"]
[WhiteElo "2482"]
[BlackElo "2314"]
[TimeControl "180+1"]
[EndTime "11:06:49 PDT"]
[Termination "onnoelgersma won by checkmate"]

1. e4 e6 2. d4 d5 3. Nc3 Nf6 4.
exd5 exd5 5. Bf4 Bd6 6. Qd2 O-O 7. O-O-O c6 8. f3 b5 9. g4 a5 10. Bd3 a4 11. Nce2 b4 12. h4 Ba6 13. h5 b3 14.
cxb3 Bxd3 15. Qxd3 Bxf4+ 16. Nxf4 Qd6 17. Nge2 a3 18.
Qc3 axb2+ 19. Qxb2 Na6 20. Nd3 Nb4 21. Nxb4 Qxb4 22.
Nf4 c5 23. Nd3 Qa5 24. Kb1 c4 25. Nc5 cxb3 26. axb3 Rfb8 27. g5 Ne8 28. g6 Nd6 29.
gxh7+ Kh8 30. h6 g6 31. Rc1 Nc4 32. Rxc4 Kxh7 33. Rhc1 dxc4 34. Rxc4 Rb4 35. d5 Rxc4 36. Qg7# 1-0

[Event "*** SCC Grand Prix: Titled Tuesday Blitz"]
[Site "Chess.com"]
[Date "2020.10.13"]
[Round "6"]
[White "alejanchess73"]
[Black "rugbyclub"]
[Result "1-0"]
[WhiteElo "2384"]
[BlackElo "2213"]
[TimeControl "180+1"]
[EndTime "11:06:49 PDT"]
[Termination "alejanchess73 won by checkmate"]

1. d4 Nf6 2. c4 e6 3. g3 d5 4. Nf3 Bb4+ 5. Bd2 a5 6. Bg2 O-O 7.
O-O dxc4 8. Bxb4 axb4 9. Ne5 Nc6 10. Nxc6 bxc6 11. Bxc6 Rb8 12. e3 Bb7 13. Bxb7 Rxb7 14.
Nd2 Qd5 15. Qc2 c5 16. dxc5 Qxc5 17. Nxc4 Rc8 18. b3 Rbc7 19. Rfd1 Qh5 20. Qd3 h6 21. Qf1 Ng4 22. Qg2 Ne5 23. Nd6 Rd8 24. g4 Nxg4 25. Nc4 Rcd7 26. Rxd7 Rxd7 27. Rc1 Rd5 28. h3 Nf6 29. f4 Kh7 30. Kh2 g5 31. Rg1 g4 32.
Ne5 g3+ 33. Qxg3 Rd2+ 34. Kh1 Ne8 35. Qg8# 1-0

[Event "*** SCC Grand Prix: Titled Tuesday Blitz"]
[Site "Chess.com"]
[Date "2020.10.13"]
[Round "6"]
[White "swimmerchess"]
[Black "Margency"]
[Result "1-0"]
[WhiteElo "2778"]
[BlackElo "2604"]
[TimeControl "180+1"]
[EndTime "11:06:50 PDT"]
[Termination "swimmerchess won by resignation"]

1. e4 c5 2. Nf3 d6 3. d4 cxd4 4. Nxd4 Nf6 5. Nc3 a6 6. Bg5 e6 7. f4 Qb6 8. Qd2 Nc6 9. Bxf6 gxf6 10. Nb3 Bd7 11. O-O-O O-O-O 12. Be2 h5 13. Rhf1 Kb8 14. Rf3 Rc8 15. Bf1 Be7 16. Kb1 h4 17. Rd3 Nb4 18.
Rh3 Nc6 19. a3 Rcg8 20. Rd3 Bc8 21. Na2 Qg1 22. h3 Rg3 23. Rxg3 hxg3 24. Bxa6 Qb6 25.
Bf1 Rh5 26. Nb4 Nxb4 27. axb4 d5 28. Qe2 Rh4 29. exd5 Rxf4 30. dxe6 Bxe6 31. b5 Bd6 32. Nd2 Be5 33. Nf3 Qa5 34. Nxe5 Ra4 35. c4 Ra1+ 36.
Kc2 Qa4+ 37. Kd2 Qb4+ 38. Ke3 Rxd1 39. Qxd1 Qxb2 40. Qd8+ Ka7 41. b6+ Qxb6+ 42. Qxb6+ Kxb6 43. Nf3 Kc5 44. h4 1-0

[Event "*** SCC Grand Prix: Titled Tuesday Blitz"]
[Site "Chess.com"]
[Date "2020.10.13"]
[Round "6"]
[White "Misticpikachu"]
[Black "Iskusnyh"]
[Result "0-1"]
[WhiteElo "2303"]
[BlackElo "2576"]
[TimeControl "180+1"]
[EndTime "11:06:50 PDT"]
[Termination "Iskusnyh won by resignation"]

1. c4 c5 2. g3 g6 3. Bg2 Bg7 4. Nf3 Nc6 5. O-O d6 6. Nc3 e6 7. e3 Nge7 8. d4 O-O 9. b3 b6 10. Bb2 Bb7 11. a3 Nf5 12. dxc5 dxc5 13. Qc2 Qe7 14.
Rfd1 Rfd8 15. Rxd8+ Rxd8 16. Rd1 h6 17. h4 Rxd1+ 18.
Qxd1 Ne5 19. Nxe5 Bxe5 20. Bxb7 Qxb7 21. Na4 Bxb2 22. Nxb2 Qe4 23. Qd3 Qg4 24. Kh2 g5 25. hxg5 hxg5 26. Nd1 Qf3 27. Kg1 Kg7 28. Nc3 Nd4 29.
Ne4 Ne2+ 30. Kf1 Nd4 31. Kg1 g4 32. Ng5 Ne2+ 33. Kf1 Nxg3+ 34. Ke1 Qh1+ 35. Kd2 Nf5 36. Qc3+ Kg6 37. Qh8 Qxh8 0-1

[Event "*** SCC Grand Prix: Titled Tuesday Blitz"]
[Site "Chess.com"]
[Date "2020.10.13"]
[Round "6"]
[White "norwaytoadog"]
[Black "kleopl"]
[Result "0-1"]
[WhiteElo "2311"]
[BlackElo "2469"]
[TimeControl "180+1"]
[EndTime "11:06:50 PDT"]
[Termination "kleopl won on time"]

1. e4 c6 2. d4 d5 3. e5 c5 4. c3 Nc6 5. Be2 a6 6. a3 Bf5 7. Nf3 e6 8. b4 cxd4 9. cxd4 Bxb1 10.
Rxb1 Nge7 11. Bd3 g6 12. Bg5 Bg7 13. O-O h6 14. Be3 Nf5 15. Bxf5 gxf5 16. Qd2 Qe7 17.
Ne1 Na7 18. Nd3 Qh4 19. f4 Qe7 20. Nc5 O-O 21. Rfc1 Rac8 22. a4 Rc7 23. Rc2 Rfc8 24. Rbc1 Qe8 25. Bf2 Bf8 26. Bh4 Bxc5 27. dxc5 Qxa4 28.
Qe1 Kh7 29. Bf6 Rg8 30. Ra1 Qb5 31. Ra3 Rg6 32. Rg3 Nc6 33. Rxg6 fxg6 34. Qh4 Qxb4 35.
Re2 Nd4 36. Re1 Qxc5 37. Kh1 Nc2 38. Rg1 Ne3 39. Bd8 Rf7 40. Bg5 h5 41. Rb1 Qc2 42.
Rg1 a5 43. Be7 a4 44. Bd6 Qc8 0-1

[Event "*** SCC Grand Prix: Titled Tuesday Blitz"]
[Site "Chess.com"]
[Date "2020.10.13"]
[Round "6"]
[White "SamuelGhimpu2003"]
[Black "AndreyNeves"]
[Result "1-0"]
[WhiteElo "2575"]
[BlackElo "2283"]
[TimeControl "180+1"]
[EndTime "11:06:52 PDT"]
[Termination "SamuelGhimpu2003 won on time"]

1. d4 d5 2. Nc3 Nf6 3. Bf4 Bf5 4. f3 e6 5. g4 Bg6 6. h4 h6 7. h5 Bh7 8. e3 Bd6 9. Bd3 Bxd3 10. Qxd3 Bxf4 11.
exf4 Qd6 12. Nge2 a6 13. O-O-O Nbd7 14. Kb1 O-O-O 15. Rdg1 c5 16. f5 e5 17. dxc5 Nxc5 18.
Qd2 d4 19. Nd1 d3 20. Nec3 dxc2+ 21. Qxc2 Qd3 22. Nf2 Qxf3 23. Na4 Kb8 24. Qxc5 Rc8 25. Qxe5+ Ka7 26. Qd4+ Kb8 27. Rh3 Qc6 28. Nc3 Rhd8 29. Qf4+ Ka8 30. Rd3 Qb6 31. Rgd1 Re8 32. Nfe4 Nxe4 33.
Nxe4 Qc6 34. Nc3 Qg2 35. a3 Re7 36. Nd5 Qc2+ 37. Ka1 1-0

[Event "*** SCC Grand Prix: Titled Tuesday Blitz"]
[Site "Chess.com"]
[Date "2020.10.13"]
[Round "6"]
[White "CaspiIsrael"]
[Black "mapleaff"]
[Result "1-0"]
[WhiteElo "2594"]
[BlackElo "2362"]
[TimeControl "180+1"]
[EndTime "11:06:54 PDT"]
[Termination "CaspiIsrael won on time"]

1. e4 e5 2. Nf3 Nc6 3. Bb5 a6 4. Ba4 Nf6 5. O-O Be7 6. Re1 b5 7. Bb3 O-O 8. c3 d5 9. exd5 Nxd5 10. Nxe5 Nxe5 11. Rxe5 c6 12. d3 Bd6 13. Re1 Bf5 14.
Qf3 Qh4 15. g3 Qh3 16. Nd2 Rae8 17. Ne4 Bg4 18. Qg2 Qxg2+ 19. Kxg2 f5 20. h3 fxe4 21. hxg4 exd3 22. Bd2 Bc5 23. f4 g6 24. Kf3 Kg7 25. g5 h5 26. c4 bxc4 27. Bxc4 Bd4 28. Bxd3 Bxb2 29. Rab1 Bc3 30. Bxc3+ Nxc3 31. Rb7+ Kg8 32. Rxe8 Rxe8 33. Bxg6 Rd8 34. Bf7+ Kf8 35. Bc4 a5 36. g6 Nd5 37. f5 Re8 38. f6 1-0

[Event "*** SCC Grand Prix: Titled Tuesday Blitz"]
[Site "Chess.com"]
[Date "2020.10.13"]
[Round "6"]
[White "PawnEatingZombie"]
[Black "MF1966Idrisov"]
[Result "0-1"]
[WhiteElo "2178"]
[BlackElo "2336"]
[TimeControl "180+1"]
[EndTime "11:06:54 PDT"]
[Termination "MF1966Idrisov won on time"]

1. d4 d5 2. c4 c6 3. Nc3 Nf6 4. e3 g6 5. Nf3 Bg7 6. Bd3 O-O 7. O-O a6 8. Ne5 b5 9. b3 Bb7 10. Bb2 Nbd7 11. f4 Rc8 12. c5 b4 13. Ne2 Ne4 14. g4 Nxe5 15. fxe5 f6 16. e6 Ra8 17. Bxe4 dxe4 18. Ng3 Qd5 19. Qc2 f5 20. Qc4 Bc8 21. Qxd5 cxd5 22. gxf5 gxf5 23. Nxf5 Bf6 24. Nh6+ Kg7 25.
Ng4 Bg5 26. Rxf8 Kxf8 27. Rf1+ Kg8 28. Rf5 h6 29. Rxd5 Bxe6 30. Rxg5+ hxg5 31. Ne5 a5 32. Bc1 a4 33. Bd2 Bxb3 34. Bxb4 Bxa2 35. c6 Be6 36. Ba3 Rb8 37. h4 gxh4 38. Ng6 Kf7 0-1

[Event "*** SCC Grand Prix: Titled Tuesday Blitz"]
[Site "Chess.com"]
[Date "2020.10.13"]
[Round "6"]
[White "HanSchut"]
[Black "Sesleria"]
[Result "0-1"]
[WhiteElo "2204"]
[BlackElo "2033"]
[TimeControl "180+1"]
[EndTime "11:06:55 PDT"]
[Termination "Sesleria won by checkmate"]

1. e4 c5 2. Nf3 d6 3. d4 cxd4 4. Nxd4 Nf6 5. f3 a6 6. c4 e6 7. Nc3 Be7 8. Be3 Nbd7 9. Rc1 O-O 10. Be2 Qc7 11. O-O b6 12. Qd2 Bb7 13. Rfd1 Rac8 14.
Bf1 Qb8 15. Qf2 Kh8 16. Kh1 Rg8 17. b4 g5 18. Nb3 Ne5 19. Na4 b5 20. Nb6 Rcd8 21.
cxb5 axb5 22. Bxb5 g4 23. Nd2 d5 24. f4 g3 25. hxg3 Neg4 26. Qe1 dxe4 27. a3 Rg6 28. Kg1 Nd5 29. Bd4+ Kg8 30. Nxe4 Nxf4 31. Nf2 Nxg2 32. Nxg4 Nxe1 33. Nf6+ Bxf6 34. Bxf6 Qxg3+ 35. Kf1 Rxf6+ 36.
Ke2 Rf2+ 37. Kxe1 Qg1+ 38. Bf1 Qxf1# 0-1

[Event "*** SCC Grand Prix: Titled Tuesday Blitz"]
[Site "Chess.com"]
[Date "2020.10.13"]
[Round "6"]
[White "Heineccius"]
[Black "Manukyan_Artak"]
[Result "1-0"]
[WhiteElo "2516"]
[BlackElo "2323"]
[TimeControl "180+1"]
[EndTime "11:06:57 PDT"]
[Termination "Heineccius won by resignation"]

1. d4 Nf6 2. c4 e6 3. Nc3 Bb4 4. g3 d5 5. Bg2 O-O 6. Nf3 dxc4 7. O-O Bxc3 8. bxc3 Nbd7 9. a4 a5 10. Nd2 Nb6 11. Qc2 c6 12. Ba3 Re8 13. Bc5 Nfd7 14. Rfd1 Qg5 15. h4 Qg6 16. Be4 f5 17. Bg2 e5 18. e3 e4 19. Bf1 Nxc5 20. dxc5 Nd5 21.
Nxc4 f4 22. exf4 Nxf4 23. Nd6 Rf8 24. Qxe4 Qxe4 25. Nxe4 Bg4 26. Rd2 Ng6 27. Bc4+ Kh8 28. Nd6 Ne5 29. Be2 Bxe2 30. Rxe2 Nf7 31. Nxb7 Rfe8 32.
Rae1 Rxe2 33. Rxe2 Kg8 34. Re7 Nh6 35. Rc7 Ra7 36.
Rc8+ Kf7 37. Nd8+ Ke7 38. Nxc6+ Kd7 39. Nxa7 1-0

[Event "*** SCC Grand Prix: Titled Tuesday Blitz"]
[Site "Chess.com"]
[Date "2020.10.13"]
[Round "6"]
[White "Lenyas66"]
[Black "BursaBBSatranc"]
[Result "0-1"]
[WhiteElo "2349"]
[BlackElo "2588"]
[TimeControl "180+1"]
[EndTime "11:06:58 PDT"]
[Termination "BursaBBSatranc won by checkmate"]

1. d4 d5 2. Bg5 h6 3. Bh4 Nd7 4.
Nc3 c6 5. e4 dxe4 6. Nxe4 g5 7.
Bg3 Ngf6 8. Nxf6+ Nxf6 9. Bc4 Bg7 10. Nf3 Bf5 11. Ne5 e6 12. O-O O-O 13. c3 Ne4 14.
Qe2 Nxg3 15. fxg3 Qd6 16. g4 Bxe5 17. dxe5 Qc5+ 18. Kh1 Bg6 19. Rf6 Kg7 20. Raf1 Rad8 21. b4 Qe7 22. Qf2 b5 23. Bb3 a6 24. h4 Qc7 25. h5 Be4 26. Bxe6 Qxe5 27. Rxf7+ Rxf7 28. Qxf7+ Kh8 29. Qe7 Bxg2+ 30. Kg1 Qe3+ 31. Rf2 Rd1+ 32.
Kxg2 Qe4+ 33. Kg3 Rd3+ 34. Kh2 Qe5+ 35. Kg2 Qg3+ 36. Kf1 Rd1+ 37. Ke2 Qd3# 0-1

[Event "*** SCC Grand Prix: Titled Tuesday Blitz"]
[Site "Chess.com"]
[Date "2020.10.13"]
[Round "6"]
[White "elcandado"]
[Black "Chessdude1987"]
[Result "0-1"]
[WhiteElo "2559"]
[BlackElo "2292"]
[TimeControl "180+1"]
[EndTime "11:07:00 PDT"]
[Termination "Chessdude1987 won by resignation"]

1. d4 Nf6 2. Bf4 d5 3. e3 c5 4.
c3 Qb6 5. Qb3 c4 6. Qc2 g6 7. b3 Bf5 8. Qb2 Nbd7 9. Nd2 Bg7 10. h3 h5 11. Ngf3 Ne4 12. Nxe4 Bxe4 13. Be2 f6 14. Qa3 cxb3 15. axb3 g5 16. Bg3 Kf7 17.
c4 g4 18. Nh4 e6 19. c5 Qd8 20. f3 gxf3 21. Nxf3 Bh6 22. b4 Rg8 23. Kf2 Qf8 24. Rhg1 Qg7 25. Bd6 e5 26. dxe5 Qg3+ 27. Kf1 fxe5 28.
Qc3 Raf8 29. Bxe5 Nxe5 30. Qxe5 Qxe5 31. Nxe5+ Ke6+ 32. Nf3 Bxe3 33. Rh1 a6 34. Ra3 d4 35.
Bc4+ Bd5 36. Bxd5+ Kxd5 37. h4 Rg3 38. Rh3 Rxh3 39.
gxh3 Rxf3+ 40. Ke2 Rxh3 41. Ra1 Rxh4 42. Rf1 Rh2+ 0-1

[Event "*** SCC Grand Prix: Titled Tuesday Blitz"]
[Site "Chess.com"]
[Date "2020.10.13"]
[Round "6"]
[White "Pavalamalli"]
[Black "crazy_but_lazy"]
[Result "0-1"]
[WhiteElo "2287"]
[BlackElo "2494"]
[TimeControl "180+1"]
[EndTime "11:07:02 PDT"]
[Termination "crazy_but_lazy won by checkmate"]

1. e4 c5 2. Nc3 g6 3. g3 Bg7 4. Bg2 Nc6 5. Nge2 e6 6. d3 Nge7 7. Be3 d6 8. O-O Kf8 9. f4 Nd4 10. Qd2 Nec6 11. Rae1 Nxe2+ 12. Nxe2 Nd4 13. c3 Nxe2+ 14.
Rxe2 f5 15. exf5 gxf5 16. Rfe1 Kf7 17. d4 cxd4 18. Bxd4 Bxd4+ 19. Qxd4 Qf6 20. Qxd6 Rd8 21. Qc7+ Rd7 22. Qc5 Re7 23. Rd2 b6 24. Qb5 Rb8 25. Rd8 Ba6 26. Qxa6 Rxd8 27. Qe2 Red7 28. Bf3 Rd2 29.
Qb5 Qh6 30. Bg2 Qf6 31. a4 Rd1 32. Rxd1 Rxd1+ 33. Kf2 Rd2+ 34. Kg1 Qe7 35. b4 Qd6 36. h3 Qd3 37. Qc6 Qxg3 38. Qb7+ Kg6 39. a5 Rd1# 0-1

[Event "*** SCC Grand Prix: Titled Tuesday Blitz"]
[Site "Chess.com"]
[Date "2020.10.13"]
[Round "6"]
[White "TorFredrikKaasen"]
[Black "Indianlad"]
[Result "0-1"]
[WhiteElo "2718"]
[BlackElo "2914"]
[TimeControl "180+1"]
[EndTime "11:07:04 PDT"]
[Termination "Indianlad won on time"]

1. d4 Nf6 2. c4 e6 3. Nf3 d5 4. g3 Bb4+ 5. Nc3 O-O 6. Bg2 dxc4 7. O-O Nc6 8. Qa4 Bd7 9. Bg5 h6 10. Bxf6 Qxf6 11. Ne5 Nxe5 12. Qxb4 Nc6 13. Qxb7 Nxd4 14.
Qxc7 Rad8 15. e3 Nf3+ 16. Kh1 Nd2 17. Rfd1 Qxf2 18. Qf4 Qxf4 19. gxf4 Bc8 20. Nb5 a6 21. Nd4 c3 22. b3 g5 23. fxg5 hxg5 24. Rac1 e5 25.
Nc6 Bg4 26. Re1 Rde8 27. Rxc3 e4 28. Rc5 f6 29. Nd4 Kg7 30. Rc7+ Kg6 31. h3 Rh8 32. Kh2 Nf3+ 33. Nxf3 exf3 34. Bf1 f2 35. Rec1 Rxe3 36. R7c3 Re1 37. Kg3 Bxh3 38. Kxf2 Rxf1+ 39. Rxf1 Bxf1 40. Kxf1 Rh1+ 41. Kg2 Ra1 42. a4 Rb1 43. Kf3 a5 44.
Kg3 f5 45. Kg2 f4 46. Rc5 Rb2+ 0-1

[Event "*** SCC Grand Prix: Titled Tuesday Blitz"]
[Site "Chess.com"]
[Date "2020.10.13"]
[Round "6"]
[White "eljanov"]
[Black "frederiksvane"]
[Result "1-0"]
[WhiteElo "2862"]
[BlackElo "2686"]
[TimeControl "180+1"]
[EndTime "11:07:05 PDT"]
[Termination "eljanov won by resignation"]

1. Nf3 Nf6 2. c4 e6 3. g3 b6 4. Bg2 Bb7 5. d4 Be7 6. O-O O-O 7. Re1 d6 8. d5 e5 9. Nc3 Nbd7 10. e4 a5 11. Rb1 Nc5 12. b3 c6 13.
a3 cxd5 14. cxd5 Qd7 15. Bf1 Ba6 16. b4 axb4 17. axb4 Bxf1 18. bxc5 Bc4 19. c6 Qc7 20. Nb5 Bxb5 21. Rxb5 Ra1 22. Qc2 Rfa8 23. Be3 Rxe1+ 24. Nxe1 Ra1 25. Rb1 Rxb1 26. Qxb1 Bd8 27. f3 Qa7 28.
Nc2 Bc7 29. Qa1 Qb8 30. Qa6 Ne8 31. Na3 Kf8 32. Nb5 Ke7 33. Nxc7 Nxc7 34. Qxb6 Qxb6 35. Bxb6 Nb5 36. Kf2 Na3 37. Ke2 Nc4 38. Bf2 Kd8 39. Kd3 Nb2+ 40. Kc2 Nc4 41. Kc3 Na3 42. Kb3 Nb5 43.
Kb4 Nc7 44. Bb6 Kc8 45. Bxc7 Kxc7 1-0